 Dungeon Crawl Stone Soup version 0.30.1-9-gdf580d7c3d (webtiles) character file.

Game seed: 13106452498842415108

18 lonewolfV2 the Trooper (level 2, -1/24 HPs)
             Began as a Demonspawn Fighter on Oct 23, 2023.
             Slain by Terence
             ... wielding a +3 heavy flail
              (12 damage)
             ... on level 2 of the Dungeon.
             The game lasted 00:01:22 (1096 turns).

lonewolfV2 the Trooper (Demonspawn Fighter)         Turns: 1096, Time: 00:01:22

Health: -1/24      AC:  7    Str: 16    XL:     2   Next: 51%
Magic:  2/2        EV:  8    Int:  9    God:
Gold:   83         SH:  4    Dex: 12    Spells: 1/1 levels left

rFire   . . .        a - +0 war axe (freeze)
rCold   . . .        c - +0 buckler
rNeg    . . .        b - +0 scale mail
rPois   .            (no helmet)
rElec   .            (no cloak)
rCorr   .            (no gloves)
SInv    .            (no boots)
Will    .....        (no amulet) Stlth
                     (no ring)
HPRegen 0.24/turn    (no ring)
MPRegen 0.08/turn

%: no passive effects
@: no status effects
A: rugged brown scales 1
a: no special abilities


You were on level 2 of the Dungeon.
You visited 1 branch of the dungeon, and saw 2 of its levels.

You collected 83 gold pieces.

Inventory:

Hand Weapons
 a - a +0 war axe of freezing (weapon)
Armour
 b - a +0 scale mail (worn)
 c - a +0 buckler (worn)
Potions
 d - a potion of might


   Skills:
 + Level 3.3 Fighting
 * Level 2.6 Axes
 - Level 2.6 Armour
 - Level 2.6 Shields


You had one spell level left.
You didn't know any spells.
Your spell library was empty.

Dungeon Overview and Level Annotations

Branches:
Dungeon (2/15)

Altars:

Annotations:
D:2 Terence


Innate Abilities, Weirdness & Mutations

You are partially covered in rugged brown scales. (AC +1, +3% HP)


Message History

Partly explored, can't reach some places.
Partly explored, can't reach some places.
You enter the shallow water.
Moving in this stuff is going to be slow.
There is a stone staircase leading down here.
As you read the scroll labelled XUMAIM XUFUE, it crumbles to dust.
It is a scroll of brand weapon.
Your +0 war axe is covered with a thin layer of ice!
a - a +0 war axe of freezing (weapon)
As you read the scroll labelled FUDEWE OMUU, it crumbles to dust.
You feel aware of your surroundings.
It was a scroll of magic mapping.
As you read the scroll labelled HIRGHA NETWEQAJE, it crumbles to dust.
It is a scroll of identify.
You don't currently have any unidentified items.
You climb downwards.
The endoplasm quivers.
There is a stone staircase leading up here.
The endoplasm hits you but does no damage.
You slash the endoplasm! You freeze the endoplasm.
You kill the endoplasm!
An endoplasm comes into view.
The endoplasm quivers.
An endoplasm is nearby!
An endoplasm is nearby!
You hit the endoplasm. You freeze the endoplasm.
You kill the endoplasm!
Terence the Incautious comes into view.
He is wielding a +3 heavy flail.
Found a leather armour.
Terence shouts!
Terence is nearby!
Terence is nearby!
You hit Terence but do no damage. Terence barely misses you.
You closely miss Terence. Terence hits you with a +3 heavy flail!
Ouch! That really hurt!
You hit Terence but do no damage. You block Terence's attack.
You closely miss Terence.
Terence shouts, "DIE!!!"
Terence hits you with a +3 heavy flail!
Ouch! That really hurt!
You die...

##########
#.@@.[....
#.########
#.#
#.#########
#
#..........
..
#..########
#.##..#
#.....##
#..#...#


You could see Terence.

Vanquished Creatures
  5 endoplasms
  A giant cockroach (D:1)
  3 goblins (D:1)
  A hobgoblin (D:1)
  A quokka (D:1)
  2 frilled lizards (D:1)
  A kobold (D:1)
  3 rats (D:1)
17 creatures vanquished.

Notes
Turn   | Place    | Note
-------+----------+-------------------------------------------
     0 | D:1      | lonewolfV2 the Demonspawn Fighter began the quest for the
                  | Orb.
     0 | D:1      | Reached XP level 1. HP: 18/18 MP: 1/1
   349 | D:1      | Gained mutation: You are partially covered in rugged brown
                  | scales. (AC +1, +3% HP) [demonic ancestry]
   349 | D:1      | Reached XP level 2. HP: 14/24 MP: 2/2
  1090 | D:2      | Noticed Terence
  1096 | D:2      | Slain by Terence

Illustrated notes

Levels and vault maps discovered:
D:1:      kilobyte_arrival_exit_the_forest, layout_basic
D:2:      layout_loops_ring, uniq_terence

Skill      XL: |  1 |
---------------+----+-----
Axes           | 2 |  2.6
Fighting       | |  3.3
Armour         | |  2.6
Shields        | |  2.6

Action                     || total
---------------------------++-------
  Melee: War axe           ||    64
    Use: Scroll            ||     3
 Armour: Scale mail        ||    24
  Dodge: Dodged            ||    31
  Block: Buckler           ||    12
